 Dungeon Crawl Stone Soup version 0.22-a0-609-gfedc9ff (webtiles) character file.

156 Gildeon the Ruffian (level 5, -1/53 HPs)
             Began as a Troll Monk on July 10, 2018.
             Killed from afar by an orc wizard (5 damage)
             ... with a magic dart
             ... on level 3 of the Dungeon.
             The game lasted 00:17:23 (2319 turns).

Gildeon the Ruffian (Troll Monk)                    Turns: 2319, Time: 00:17:24

Health: -1/53      AC:  5    Str: 20    XL:     5   Next: 14%
Magic:  4/4        EV: 11    Int:  6    God:
Gold:   171        SH:  0    Dex: 12    Spells: 4/4 levels left

rFire    . . .     SeeInvis .     - Unarmed
rCold    . . .     Gourm    +   (no shield)
rNeg     . . .     Faith    .   a - +0 robe
rPois    .         Spirit   .   (helmet restricted)
rElec    .         Reflect  .   h - scarf {repulsion}
rCorr    .         Harm     .   (gloves unavailable)
MR       .....     Rnd*Tele +   (boots unavailable)
Stlth    +.........             (no amulet)
HPRegen  0.57/turn              e - ring of teleportation (curse)
MPRegen  0.09/turn              (no ring)

@: confused, lethally poisoned (-1 -> -2), slowed, repel missiles, very slow
A: large, unfitting armour, claws 3, fast metabolism 3, gourmand, regeneration
1, shaggy fur 1, tough skin 2
a: no special abilities


You were on level 3 of the Dungeon.
You were completely stuffed.

You visited 1 branch of the dungeon, and saw 3 of its levels.

You collected 171 gold pieces.

Inventory:

Hand Weapons
 m - a +0 falchion of holy wrath
Armour
 a - a +0 robe (worn)
 h - a scarf of repulsion (worn)
Jewellery
 e - a cursed ring of teleportation (left claw)
 k - an uncursed ring of positive energy {unknown}
Wands
 d - a wand of paralysis (12)
 j - a wand of flame (9)
Scrolls
 c - a scroll of enchant weapon
Potions
 f - 3 potions of curing
Comestibles
 b - 6 rations
 i - 9 chunks of flesh


   Skills:
 + Level 3.4 Fighting
 + Level 3.4 Dodging
 - Level 1.0 Stealth
 + Level 4.1 Unarmed Combat


You had 4 spell levels left.
You didn't know any spells.
Your spell library was empty.

Dungeon Overview and Level Annotations

Branches:
Dungeon (3/15)

Altars:


Innate Abilities, Weirdness & Mutations

You are too large for most types of armour.
You have claws for hands.
Your metabolism is lightning-fast.
You like to eat raw meat.
Your natural rate of healing is unusually fast.
You are covered in fur. (AC +1)
You have very tough skin. (AC +2)


Message History

The orc wizard hits you but does no damage.
The orc priest begins to cast a cantrip, but forgets the words!
The orc misses you. The orc wizard hits you with a dagger.
The orc priest closely misses you.
You scratch the orc priest but do no damage.
The orc priest is heavily wounded.
You feel sick. The orc hits you with a club. The orc wizard barely misses you.
The orc priest hits you with a short sword.
* * * LOW HITPOINT WARNING * * *
The orc barely misses you.
You bump into the rock wall.
You feel sick.
The orc wizard points at you and mumbles some strange words.
You resist with some effort.
The orc priest mumbles some strange prayers to Beogh against you.
Beogh smites you!
* * * LOW HITPOINT WARNING * * *
The orc closely misses you. The orc wizard casts a spell at you.
The magic dart hits you!
You die...

#.......# * #.......# * #.......#
*
####.......######################
................................#
.....................o.......$...
####.......###..†######.o........
#.......# #.oo# #..........
#.......# #.o@# #..........
######### #...# #....o..... #...#
########... #...# *##. #...# *,
#...# ######## ** ######### #...#
#......# * ## #.......# #####
#......# .# #.......#
#......######


You could see an orc priest, an orc wizard and an orc.

Vanquished Creatures
  An orc priest (D:3)
  3 adders
  2 worms
  A dart slug (D:2)
  4 leopard geckos
  6 orcs (D:3)
  8 giant cockroaches
  7 hobgoblins
  4 jackals (D:2)
  10 kobolds
  3 quokkas
  2 ball pythons (D:1)
  5 bats
  6 frilled lizards
  9 goblins
  7 rats
78 creatures vanquished.

Notes
Turn   | Place    | Note
-------+----------+-------------------------------------------
     0 | D:1      | Gildeon the Troll Monk began the quest for the Orb.
     0 | D:1      | Reached XP level 1. HP: 22/22 MP: 0/0
   453 | D:1      | Reached XP level 2. HP: 29/29 MP: 1/1
  1088 | D:2      | Reached XP level 3. HP: 36/36 MP: 2/2
  1690 | D:2      | Reached XP level 4. HP: 45/45 MP: 3/3
  2121 | D:3      | Reached skill level 4 in Unarmed Combat
  2143 | D:3      | Reached XP level 5. HP: 51/53 MP: 4/4
  2319 | D:3      | Killed from afar by an orc wizard

Vault maps used:
D:1:      sevenhm_arrival_forest_fort_small_3, minmay_close_crescents
D:2:      first_ration

Skill      XL: |  1  2  3  4 |
---------------+-------------+-----
Dodging        | 3 |  3.4
Fighting       | 3 |  3.4
Unarmed Combat | 4 |  4.1
Stealth        | |  1.0

Action                   |  1- 3 |  4- 6 || total
-------------------------+-------+-------++-------
Melee: Unarmed           |   108 |    80 ||   188
       Punch             |     1 |     2 ||     3
Evoke: Wand              |       |    12 ||    12
  Use: Scroll            |     4 |     3 ||     7
       Potion            |       |     1 ||     1
 Stab: Sleeping          |     2 |     1 ||     3
  Eat: Chunk             |    21 |     6 ||    27
Armor: Robe              |    47 |    31 ||    78
Dodge: Dodged            |    59 |    55 ||   114
       Deflected         |     2 |     3 ||     5

Table legend:
 A = Spawn XP
 B = Non-spawn XP
 C = Spawn XP percentage of total XP
 D = Spawn monster count
 E = Non-spawn monster count
 F = Spawn count percentage of total count
 G = Total turns spent on level
                    A         B        C        D         E        F      G
               +---------+---------+-------+---------+---------+-------+---------
         Total |       0 |     223 |   0.0 |       0 |      78 |   0.0 |  2319
               +---------+---------+-------+---------+---------+-------+---------
           D:1 |       0 |      38 |   0.0 |       0 |      25 |   0.0 |  1070
           D:2 |       0 |      61 |   0.0 |       0 |      25 |   0.0 |   758
           D:3 |       0 |     124 |   0.0 |       0 |      28 |   0.0 |   491
               +---------+---------+-------+---------+---------+-------+---------
